 Dungeon Crawl Stone Soup version 0.31-a0-232-gb1c03b2570 (webtiles) character file.

Game seed: 523858264056528188

70 qw the Shooter (level 4, -1/26 HPs)
             Began as a Gargoyle Hexslinger on July 7, 2023.
             Killed by divine providence
             ... invoked by an orc priest
              (12 damage)
             ... on level 3 of the Dungeon.
             The game lasted 00:00:33 (1495 turns).

qw the Shooter (Gargoyle Hexslinger)                Turns: 1495, Time: 00:00:33

Health: -1/26      AC: 10    Str: 12    XL:     4   Next: 21%
Magic:  5/5        EV: 10    Int: 13    God:
Gold:   102        SH:  0    Dex: 14    Spells: 4/5 levels left

rFire   + . .        Y - +1 sling
rCold   . . .        (no shield)
rNeg    + . .        d - +0 ring mail
rPois   inf          (no helmet)
rElec   +            j - +0 cloak
rCorr   .            h - +0 pair of gloves
SInv    .            (no boots)
Will    .....        (no amulet)
Stlth   +            g - ring of protection from fire
HPRegen 0.24/turn    (no ring)
MPRegen 0.09/turn

%: no passive effects
@: no status effects
A: sickness immunity, AC +3, negative energy resistance 1, electricity
resistance, torment resistance 1, petrification resistance
a: no special abilities


You were on level 3 of the Dungeon.
You visited 1 branch of the dungeon, and saw 3 of its levels.

You collected 102 gold pieces.


Innate Abilities, Weirdness & Mutations

You are immune to sickness and miasma.
Your stone body is resilient. (AC +3)
You are immune to poison.
You resist negative energy. (rN+)
You are resistant to electric shocks. (rElec)
You are resistant to unholy torment.
You are immune to petrification.


   Skills:
 - Level 2.3 Fighting
 + Level 3.6 Ranged Weapons
 - Level 1.0 Armour
 - Level 1.5 Dodging
 - Level 1.0 Spellcasting
 - Level 2.6 Hexes


You had 4 spell levels left.
You knew the following spells:

 Your Spells              Type           Power      Damage    Failure   Level
a - Slow                  Hex            28%        N/A       22%         1

Your spell library contained the following spells:

 Spells                   Type           Power      Damage    Failure   Level
 Inner Flame              Hex/Fire       4%         N/A       73%         3
 Portal Projectile        Hex/Tloc       8%         N/A       73%         3
 Cause Fear               Hex            3%         N/A       91%         4

Inventory:

Hand Weapons
 Y - a +1 sling (weapon)
Armour
 d - a +0 ring mail (worn)
 h - a +0 pair of gloves (worn)
 j - a +0 cloak (worn)
Jewellery
 g - a ring of protection from fire (left hand)
Scrolls
 l - a scroll of identify
Potions
 c - a potion of brilliance {unknown}
 e - a potion of heal wounds {unknown}
 i - a potion of resistance {unknown}

Dungeon Overview and Level Annotations

Branches:
Dungeon (3/15)

Altars:


Message History

You shoot a sling bullet. The sling bullet barely misses the orc.
The sling bullet barely misses the gnoll.
The sling bullet barely misses the orc.
The sling bullet hits the orc priest.
The orc priest is moderately wounded.
The gnoll hits you from afar with a +0 halberd.
A gnoll comes into view. It is wielding a +0 club.
A gnoll comes into view. It is wielding a +0 whip.
The orc hits you but does no damage.
You shoot a sling bullet. The gnoll shouts!
The sling bullet hits the orc!
You kill the orc!
You hear a shout!
The gnoll misses you.
You have reached level 4!
You feel stronger.
You shoot a sling bullet. The sling bullet hits the gnoll!
You kill the gnoll!
An orc comes into view. It is wielding a +0 whip. x2
An orc wizard comes into view. It is wielding a +0 dagger.
The orc moves out of view. x2
An orc comes into view. It is wielding a +0 club.
You shoot a sling bullet. The sling bullet hits the orc!
You kill the orc!
You shoot a sling bullet.
The sling bullet closely misses the orc priest.
The orc shouts!
The sling bullet hits the gnoll but does no damage.
The orc priest hits you from afar with a +0 trident.
An orc wizard comes into view. It is wielding a +0 dagger.
You shoot a sling bullet. The sling bullet hits the orc priest.
The orc priest is heavily wounded.
The orc priest closely misses you.
You shoot a sling bullet.
The sling bullet hits the orc priest but does no damage.
The orc priest is heavily wounded.
The orc priest hits you but does no damage.
A rat comes into view.
The orc priest mumbles some strange prayers to Beogh against you.
Beogh smites you!
You die...

..# #.# #. #.# +#.# #.#
...# #.# ...## #####.###
....#####.......#
.....##.......#.#######o
.....'..........@)oggoor
.....##.......#.#######.
....#####..##.#.# ...##
#.###.#.# ..## #.# #.#.#
'## #.. ....# .# ### ###
.# .########


You could see an orc priest, 3 orc wizards, 2 gnolls and a rat.

Vanquished Creatures
  A gnoll (D:3)
  2 adders (D:2)
  3 worms (D:2)
  5 orcs (D:3)
  2 endoplasms (D:2)
  A giant cockroach (D:2)
  A goblin (D:2)
  A hobgoblin (D:1)
  2 quokkas
  5 ball pythons (D:1)
  2 bats
  2 frilled lizards
  3 kobolds
  A rat (D:1)
31 creatures vanquished.

Notes
Turn   | Place    | Note
-------+----------+-------------------------------------------
     0 | D:1      | qw the Gargoyle Hexslinger began the quest for the Orb.
     0 | D:1      | Reached XP level 1. HP: 12/12 MP: 2/2
     0 | D:1      | 0 ||| qw: Version: 0.3-a-46-gb1f654a
     0 | D:1      | 0 ||| qw: Game counter: 2160
     0 | D:1      | 0 ||| qw: Melee chars always use a shield: true
     0 | D:1      | 0 ||| qw: God list: Okawaru
     0 | D:1      | 0 ||| qw: Allow faded altars: false
     0 | D:1      | 0 ||| qw: Do Orc after clearing Dungeon:15 true
     0 | D:1      | 0 ||| qw: Do second Lair branch before Depths: true
     0 | D:1      | 0 ||| qw: Lair rune preference: random
     0 | D:1      | 0 ||| qw: Goals: Normal
     0 | D:1      | 0 ||| PLANNING D:1-11
   351 | D:1      | Reached XP level 2. HP: 16/16 MP: 3/3
   606 | D:1      | 606 ||| UPGRADING to +0 ring mail.
   616 | D:1      | 616 ||| DROPPING +0 robe.
   617 | D:1      | 617 ||| UPGRADING to +0 pair of gloves.
   622 | D:1      | 622 ||| UPGRADING to +0 cloak.
   627 | D:1      | 627 ||| UPGRADING to ring of protection from fire.
   628 | D:1      | 628 ||| READING scroll labelled XOGIQI LUNOMU.
   629 | D:1      | 629 ||| READING scroll labelled LUCLIR UWNIJEA.
   630 | D:1      | 630 ||| DROPPING scroll of poison.
   657 | D:2      | 657 ||| STAIRDANCE
   741 | D:2      | Reached skill level 3 in Ranged Weapons
   770 | D:2      | Reached XP level 3. HP: 21/21 MP: 4/4
   888 | D:2      | Found a faded altar of an unknown god.
  1052 | D:2      | 1052 ||| FLEEEEING.
  1058 | D:2      | Reached skill level 1 in Armour
  1396 | D:2      | 1396 ||| DROPPING +0 pair of gloves of stealth.
  1397 | D:2      | 1397 ||| DROPPING scarf of shadows.
  1398 | D:2      | 1398 ||| DROPPING ring of flight.
  1399 | D:2      | 1399 ||| READING scroll labelled FIGUNA FEGEACA.
  1403 | D:2      | 1403 ||| READING scroll labelled MUALAEGERO.
  1404 | D:2      | 1404 ||| READING scroll labelled QALISTR IDAULEX.
  1491 | D:3      | Reached XP level 4. HP: 12/26 MP: 5/5
  1495 | D:3      | Killed from afar by an orc priest

Levels and vault maps discovered:
D:1:      amcnicky_arrival_feature_with_door, layout_basic,
          dreamdust_mushroom_princess
D:2:      layout_basic, hellmonk_ecumenical_altar_slurped_away
D:3:      layout_loops_corners, mainiacjoe_overflow_brackets,
          gammafunk_temple_overflow_pools

Skill      XL: |  1  2  3 |
---------------+----------+-----
Ranged Weapons | 3 |  3.6
Fighting       | 2 |  2.3
Armour         | 1 |  1.0
Dodging        | |  1.5
Spellcasting   | |  1.0
Hexes          | |  2.6

Action                     |  1- 3 |  4- 6 || total
---------------------------+-------+-------++-------
   Fire: Sling             |   118 |     5 ||   123
    Use: Scroll            |     5 |       ||     5
 Armour: Robe              |     4 |       ||     4
         Ring mail         |    26 |     1 ||    27
  Dodge: Dodged            |    35 |     1 ||    36

Table legend:
 A = Non-vault XP
 B = Vault XP
 C = Vault XP percentage of total XP
 D = Non-vault monster count
 E = Vault monster count
 F = Vault count percentage of total count
                 A         B        C        D         E       F
            +---------+---------+-------+---------+---------+-------
      Total |      98 |       2 |   2.0 |      30 |       1 |   3.2
            +---------+---------+-------+---------+---------+-------
        D:1 |      15 |       0 |   0.0 |      12 |       0 |   0.0
        D:2 |      53 |       2 |   3.6 |      11 |       1 |   8.3
        D:3 |      30 |       0 |   0.0 |       7 |       0 |   0.0
            +---------+---------+-------+---------+---------+-------
